 Dungeon Crawl Stone Soup version 0.30-a0-394-g3e4acdb0ae (webtiles) character file.

Game seed: 7811251261037839774

165 greasedhog the Trooper (level 5, -5/42 HPs)
             Began as a Human Fighter on Dec 6, 2022.
             Slain by an orc
             ... wielding a +0 flail
              (8 damage)
             ... on level 3 of the Dungeon.
             The game lasted 00:02:49 (2939 turns).

greasedhog the Trooper (Human Fighter)              Turns: 2939, Time: 00:02:50

Health: -5/42      AC:  9    Str: 18    XL:     5   Next: 75%
Magic:  5/5        EV:  6    Int:  9    God:
Gold:   195        SH:  4    Dex: 12    Spells: 4/4 levels left

rFire   . . .      SeeInvis +    a - +1 war axe
rCold   . . .      Faith    .    c - +0 buckler
rNeg    . . .      Spirit   .    f - +0 chain mail
rPois   .          Reflect  .    (no helmet)
rElec   .          Harm     .    (no cloak)
rCorr   .          Rampage  .    (no gloves)
Will    .....                    (no boots)
Stlth   ..........               (no amulet)
HPRegen 0.27/turn                g - ring of see invisible
MPRegen 0.09/turn                (no ring)

@: no status effects
A: no striking features
a: no special abilities


You were on level 3 of the Dungeon.
You visited 1 branch of the dungeon, and saw 3 of its levels.

You collected 195 gold pieces.

Inventory:

Hand Weapons
 a - a +1 war axe (weapon)
Armour
 c - a +0 buckler (worn)
 f - a +0 chain mail (worn)
Jewellery
 g - a ring of see invisible (left hand)
Wands
 k - a wand of digging (7)
Scrolls
 h - a scroll of poison
 m - 2 scrolls of enchant weapon
 n - a scroll of noise {unknown}
 p - a scroll of teleportation {unknown}
 q - a scroll of identify {unknown}
Potions
 b - a potion of curing {unknown}
 d - a potion of might
 e - a potion of flight {unknown}
 i - a potion of heal wounds {unknown}
 j - a potion of resistance {unknown}
 l - a potion of degeneration {unknown}
 o - a potion of mutation {unknown}


   Skills:
 * Level 4.2 Fighting
 * Level 3.5 Axes
 * Level 4.2 Armour
 - Level 3.0 Shields


You had 4 spell levels left.
You didn't know any spells.
Your spell library was empty.

Dungeon Overview and Level Annotations

Branches:
Dungeon (3/15)

Altars:
Cheibriados

Annotations:
D:3 1 runed translucent door, Crazy Yiuf; pigah's ghost, amateur OpWn


Message History

No target in view!
No target in view!
No target in view!
No target in view!
No target in view!
You see here a dart slug corpse.
There is an escape hatch in the floor here.
There is an escape hatch in the ceiling here.
There is an escape hatch in the ceiling here.
Key pressed, stopping explore.
Key pressed, stopping explore.
The orc shouts!
You hear a shout! x2
The orc shouts!
You hear a shout!
Found a +0 leather armour.
Found a roughly hewn altar of Beogh.
The orc shouts!
You hear a shout!
The orc shouts!
The orc shouts!
Could not explore, unopened runed door.
Could not explore, unopened runed door.
Could not explore, unopened runed door.
You open the gate. The orc hits you but does no damage.
The orc attacks as you move away! The orc hits you with a +3 giant club!
The orc attacks as you move away! The orc hits you with a +0 flail.
The orc attacks as you move away! The orc hits you with a +3 giant club!
* * * LOW HITPOINT WARNING * * *
The orc attacks as you move away! The orc hits you but does no damage.
You slash the orc!
You kill the orc!
You closely miss the orc. The orc hits you with a +0 flail.
* * * LOW HITPOINT WARNING * * *
The orc attacks as you move away! The orc hits you with a +0 flail.
* * * LOW HITPOINT WARNING * * *
The orc attacks as you move away! The orc hits you with a +0 club.
* * * LOW HITPOINT WARNING * * *
The orc attacks as you move away! The orc hits you but does no damage.
You slash the orc!
You kill the orc!
The orc hits you with a +0 flail!
You die...

#.###########.#
#.######### ###
#...# #..........
#8....[_[....8##.##
###########
#.............##.#
#.#8#..8..#8#.##.#
#.###.....###.##.#
#....#####oW..##.#
#....[...)....##.#
######'''#######@#
8.........o.o.8#o#
...........o.).o.#
#######.......o.##
###########


You could see 3 orcs.

Vanquished Creatures
  An orc priest (D:3)
  An orc wizard (D:3)
  4 adders
  3 worms
  6 dart slugs (D:3)
  3 orcs (D:3)
  4 ball pythons (D:2)
  4 bats
  6 endoplasms
  4 giant cockroaches
  6 goblins
  3 hobgoblins
  A quokka (D:2)
  3 frilled lizards (D:2)
  4 kobolds
  3 rats
56 creatures vanquished.

Notes
Turn   | Place    | Note
-------+----------+-------------------------------------------
     0 | D:1      | greasedhog the Human Fighter began the quest for the Orb.
     0 | D:1      | Reached XP level 1. HP: 18/18 MP: 1/1
   384 | D:1      | Reached XP level 2. HP: 24/24 MP: 2/2
   771 | D:2      | Reached XP level 3. HP: 29/29 MP: 3/3
   950 | D:2      | Found a snail-covered altar of Cheibriados.
  1346 | D:2      | Reached XP level 4. HP: 36/36 MP: 4/4
  2263 | D:3      | Identified the +1 scale mail of Veetesch {rF+ Str+3 Int-5
                  | Dex+3}
  2264 | D:3      | Found a runed translucent gate.
  2264 | D:3      | Noticed pigah's ghost (amateur OpWn)
  2265 | D:3      | Found a runed translucent gate.
  2266 | D:3      | Found a runed translucent gate.
  2333 | D:3      | Reached XP level 5. HP: 42/42 MP: 5/5
  2612 | D:3      | Found a runed translucent door.
  2613 | D:3      | Noticed Crazy Yiuf
  2937 | D:3      | HP: 2/42 [orc/+0 club (2)]
  2939 | D:3      | Slain by an orc

Illustrated notes

Levels and vault maps discovered:
D:1:      mrwooster_arrival_statue, layout_loops_ring
D:2:      minmay_chambers_of_twos, layout_loops_ring, serial_aquarium,
          aquarium_bridge_island_small [aquarium_subvault_small_open,
          aquarium_subvault_bridge, aquarium_subvault_bridge,
          aquarium_subvault_wall, aquarium_subvault_wall],
          aquarium_bridge_straight [aquarium_subvault_bridge,
          aquarium_subvault_balcony, aquarium_subvault_bridge,
          aquarium_subvault_wall], aquarium_window_1, aquarium_window_fake,
          aquarium_view_2f, aquarium_view_2g, aquarium_pool_corner, basic_altar
D:3:      kennysheep_slugbush, layout_basic, biasface_ghost_orc_armoury,
          uniq_crazy_yiuf_cottage

Skill      XL: |  1  2  3  4  5 |
---------------+----------------+-----
Axes           | 3 |  3.5
Fighting       | 4 |  4.2
Armour         | 4 |  4.2
Shields        | |  3.0

Action                   |  1- 3 |  4- 6 || total
-------------------------+-------+-------++-------
Melee: War axe           |    86 |    74 ||   160
  Use: Scroll            |       |     4 ||     4
 Stab: Distracted        |       |     1 ||     1
Armor: Chain mail        |    54 |    61 ||   115
       Scale mail        |     1 |       ||     1
Dodge: Dodged            |    28 |    14 ||    42
Block: Buckler           |    19 |    12 ||    31

Table legend: (Time is in decaauts)
 A = Elapsed time spent in this place.
 B = Non-inter-level travel time spent in this place.
 C = Inter-level travel time spent in this place.
 D = Time resting spent in this place.
 E = Time spent auto-exploring this place.
 F = Levels seen in this place.
 G = Mean time per level.
                   A        B        C        D        E       F      G
               +--------+--------+--------+--------+--------+-----+--------+
         Total |   3008 |   2961 |     47 |    309 |   2170 |   3 | 1002.7 |
       Dungeon |   3008 |   2961 |     47 |    309 |   2170 |   3 | 1002.7 |
               +--------+--------+--------+--------+--------+-----+--------+

Top non-repeatable levels by time:
     D:3: 1310 daAuts
     D:2: 1085 daAuts
     D:1: 612 daAuts
